 Seeded DCSS version 0.28-a0-1555-g9ae15a6949 (webtiles) character file.

Game seed: 11087003400880552656 (custom seed)

254 knot the Chopper (level 5, -6/41 HPs)
             Began as a Demonspawn Berserker on Jan 18, 2022.
             Was a Believer of Trog.
             Shot with an arrow by a centaur (9 damage)
             ... on level 4 of the Dungeon.
             The game lasted 00:04:38 (3486 turns).

knot the Chopper (Demonspawn Berserker)             Turns: 3486, Time: 00:04:39

Health: -6/41      AC:  4    Str: 18    XL:     5   Next: 90%
Magic:  5/5        EV: 12    Int: 10    God:    Trog [**....]
Gold:   98         SH:  0    Dex: 12    Spells: 4/4 levels left

rFire   . . .      SeeInvis .   x - +0 war axe
rCold   . . .      Faith    .   (no shield)
rNeg    . . .      Spirit   .   b - +0 animal skin
rPois   .          Reflect  .   (no helmet)
rElec   .          Harm     .   (no cloak)
rCorr   .          Rampage  .   (no gloves)
Will    .....                   f - +1 pair of boots
Stlth   +.........              (no amulet)
HPRegen 0.13/turn               (no ring)
MPRegen 0.09/turn               (no ring)

@: mighty, about to teleport
A: sturdy frame 1, weakness stinger 1
a: Renounce Religion, Berserk, Trog's Hand


You were on level 4 of the Dungeon.
You worshipped Trog.
Trog was pleased with you.
You visited 1 branch of the dungeon, and saw 5 of its levels.

You collected 98 gold pieces.

Inventory:

Hand Weapons
 x - a +0 war axe (weapon)
Missiles
 d - 17 arrows
 i - 155 stones
 j - 59 sling bullets
 r - 3 boomerangs (quivered)
Armour
 b - a +0 animal skin (worn)
 f - a +1 pair of boots (worn)
Jewellery
 s - a ring of positive energy
 w - a ring of resist corrosion
Wands
 t - a wand of iceblast (10)
 u - a wand of acid (3)
 v - a wand of polymorph (10)
Scrolls
 k - a scroll of enchant weapon
 l - a scroll of magic mapping
 p - a scroll of brand weapon
 q - a scroll of amnesia
Potions
 m - a potion of invisibility {unknown}
 n - a potion of magic
 o - a potion of degeneration {unknown}


   Skills:
 - Level 3.1 Fighting
 * Level 5.0 Axes
 * Level 2.9 Throwing
 - Level 1.9 Armour
 - Level 1.9 Dodging


You had 4 spell levels left.
You didn't know any spells.
Your spell library was empty.

Dungeon Overview and Level Annotations

Branches:
Dungeon (5/15)
 Temple: D:4-7

Altars:
Okawaru

Shops:
D:3 [

Annotations:
D:5 Grinder


Innate Abilities, Weirdness & Mutations

Your movements are slightly less encumbered by armour. (ER -2)
You have a small tail.


Message History

Things that are here:
a +0 dagger; a +0 chain mail; a +0 dagger
Found an escape hatch in the floor.
a - a scroll labelled BUNNIU XOAHATA You now have 98 gold pieces (gained 8).
A centaur comes into view.
Okay, then.
Throw: 3 boomerangs
Press: ? - help, Q - select action, (/) - cycle Shift-Dir - straight line, f - centaur
Aim: a centaur, quivering arrows (wandering, hasn't noticed you, 70% to hit)
You throw a boomerang. The centaur shouts!
The boomerang hits the centaur but does no damage.
The centaur wields a +0 shortbow.
The centaur shoots an arrow.
The arrow hits you!
The centaur shoots an arrow.
The arrow hits you!
Throw: 3 boomerangs
Press: ? - help, Q - select action, (/) - cycle Shift-Dir - straight line, f/p - centaur
Aim: a centaur, wielding a +0 shortbow and quivering arrows (70% to hit)
You throw a boomerang. The boomerang hits the centaur.
The centaur is moderately wounded.
Unknown command.
It was a potion of magic.
Magic courses through your body.
The centaur shoots an arrow.
The arrow closely misses you.
The centaur shoots an arrow.
The arrow hits you!
* * * LOW HITPOINT WARNING * * *
It was a potion of might.
You feel very mighty all of a sudden.
The centaur shoots an arrow.
The arrow closely misses you.
It was a potion of curing.
You feel better.
The centaur shoots an arrow.
The arrow hits you!
* * * LOW HITPOINT WARNING * * *
Okay, then.
As you read the scroll labelled BUNNIU XOAHATA, it crumbles to dust.
The creatures around you are filled with an inner flame!
It was a scroll of immolation.
As you read the scroll of teleportation, it crumbles to dust.
You feel strangely unstable.
The centaur shoots an arrow.
The arrow hits you.
* * * LOW HITPOINT WARNING * * *
The centaur shoots an arrow.
The arrow hits you!
You die...

##.............#
#............#
##>.........#
##......#.##
###...##..# ####
##.# #.## #..#
##@# #.......#
.........
..........
......c....
............
.##.......... ##
...........


You could see a centaur (inner flame).

Vanquished Creatures
  A sky beast (D:5)
  Natasha (thrice) (D:2)
  2 adders
  A worm (D:2)
  3 dart slugs
  5 orcs
  8 ball pythons
  6 bats
  3 endoplasms
  A giant cockroach (D:3)
  5 goblins
  4 hobgoblins
  2 kobolds
  2 quokkas
  5 frilled lizards
  4 rats
55 creatures vanquished.

Notes
Turn   | Place    | Note
-------+----------+-------------------------------------------
     0 | D:1      | knot the Demonspawn Berserker began the quest for the Orb.
     0 | D:1      | Reached XP level 1. HP: 18/18 MP: 1/1
   147 | D:1      | Reached skill level 3 in Axes
   147 | D:1      | Gained mutation: Your movements are slightly less
                  | encumbered by armour. (ER -2) [demonic ancestry]
   147 | D:1      | Reached XP level 2. HP: 24/24 MP: 2/2
   525 | D:1      | Found a faded altar of an unknown god.
  1138 | D:2      | Gained mutation: You have a small tail. [demonic ancestry]
  1138 | D:2      | Reached XP level 3. HP: 29/29 MP: 3/3
  1515 | D:2      | Reached ** piety under Trog
  1544 | D:2      | Noticed Natasha
  1557 | D:2      | Killed Natasha
  1558 | D:2      | Reached skill level 4 in Axes
  1558 | D:2      | Reached skill level 1 in Throwing
  1558 | D:2      | Reached XP level 4. HP: 34/35 MP: 4/4
  1744 | D:2      | Noticed Natasha
  1756 | D:2      | Killed Natasha
  1908 | D:2      | Noticed Natasha
  1913 | D:2      | Killed Natasha
  2245 | D:3      | You fall into a shaft and drop 2 floors!
  2245 | D:5      | Entered Level 5 of the Dungeon
  2268 | D:5      | Noticed a sky beast
  2280 | D:5      | Killed a sky beast
  2281 | D:5      | Reached XP level 5. HP: 41/41 MP: 5/5
  2439 | D:5      | Found an iron altar of Okawaru.
  2441 | D:5      | Noticed Grinder
  2446 | D:5      | Paralysed by Grinder for 3 turns
  2693 | D:3      | Noticed Sigmund
  2695 | D:3      | Noticed Sigmund
  2696 | D:3      | Killed Sigmund the bat
  3201 | D:3      | Reached skill level 5 in Axes
  3311 | D:3      | Found Hasch's Armour Boutique.
  3479 | D:4      | Noticed a centaur
  3486 | D:4      | Shot with an arrow by a centaur

Illustrated notes

Levels and vault maps discovered:
D:1:      wheals_arrival_linesprint, layout_basic,
          dreamdust_ecumenical_altar_statues
D:2:      layout_loops_cross, kennysheep_boxes, uniq_natasha
D:3:      layout_loops_ring, serial_shops, nicolae_shop_behind_doors,
          uniq_sigmund
D:4:      layout_cave_pods, minitemple, serial_bayou_lagoon_a
D:5:      layout_layer_cave, old_standard_altar, mainiacjoe_overflow_paths,
          hangedman_abyss_or_decor_stabs, uniq_grinder

Skill      XL: |  1  2  3  4  5 |
---------------+----------------+-----
Axes           | 3 4 5 |  5.0
Throwing       | 1 2 |  2.9
Fighting       | |  3.1
Armour         | |  1.9
Dodging        | |  1.9

Action                   |  1- 3 |  4- 6 || total
-------------------------+-------+-------++-------
Melee: Hand axe          |    66 |    43 ||   109
       Tailslap          |     4 |     6 ||    10
       Punch             |       |     2 ||     2
       War axe           |       |    24 ||    24
Throw: Boomerang         |    21 |    16 ||    37
Invok: Berserk           |     1 |     3 ||     4
Evoke: Wand              |       |     3 ||     3
  Use: Scroll            |       |     7 ||     7
       Potion            |       |     3 ||     3
Armor: Animal skin       |     9 |    20 ||    29
Dodge: Dodged            |    43 |    49 ||    92

Table legend: (Time is in decaauts)
 A = Elapsed time spent in this place.
 B = Non-inter-level travel time spent in this place.
 C = Inter-level travel time spent in this place.
 D = Time resting spent in this place.
 E = Time spent auto-exploring this place.
 F = Levels seen in this place.
 G = Mean time per level.
                   A        B        C        D        E       F      G
               +--------+--------+--------+--------+--------+-----+--------+
         Total |   3570 |   3454 |    116 |    548 |   2456 |   5 |  714.0 |
       Dungeon |   3570 |   3454 |    116 |    548 |   2456 |   5 |  714.0 |
               +--------+--------+--------+--------+--------+-----+--------+

Top non-repeatable levels by time:
     D:2: 1236 daAuts
     D:1: 1038 daAuts
     D:3: 929 daAuts
     D:5: 235 daAuts
     D:4: 130 daAuts
